[Event "*** Biggest EVER Titled Tuesday"]
[Site "Chess.com"]
[Date "2018.04.17"]
[Round "5"]
[White "HarutyunianTigranK"]
[Black "robbykevlishvili"]
[Result "0-1"]
[WhiteElo "2688"]
[BlackElo "2509"]
[TimeControl "180+2"]
[EndTime "14:08:56 PDT"]
[Termination "robbykevlishvili won by resignation"]

1. c4 e5 2. Nc3 Nf6 3. Nf3 Nc6 4.
e4 d6 5. d4 exd4 6. Nxd4 g6 7.
Be2 Bg7 8. Be3 O-O 9. O-O Re8 10. f3 Bd7 11. Qd2 a6 12. Rad1 Ne5 13. Rfe1 c5 14.
Nc2 Be6 15. b3 Bf8 16. Bg5 Ned7 17. f4 Be7 18. f5 gxf5 19. Bh6 Nxe4 20. Nxe4 fxe4 21.
Rf1 Ne5 22. Bh5 Ng6 23. Qc3 Bf8 24. Bxf8 Rxf8 25. Rf6 b5 26. Rdf1 bxc4 27. bxc4 Rb8 28.
Ne3 Rb4 29. Bg4 Qe7 30. a3 Rbb8 31. Bxe6 fxe6 32. Ng4 e5 33. Nh6+ Kh8 34. Nf7+ Kg7 35.
Qh3 Qxf6 36. Rxf6 Kxf6 37. Nxd6 Rb1+ 38. Kf2 Kg5+ 39. Ke3 Rb3+ 0-1

[Event "*** Biggest EVER Titled Tuesday"]
[Site "Chess.com"]
[Date "2018.04.17"]
[Round "5"]
[White "SergeiAza"]
[Black "Sam_ChessMood"]
[Result "0-1"]
[WhiteElo "2632"]
[BlackElo "2637"]
[TimeControl "180+2"]
[EndTime "14:09:07 PDT"]
[Termination "Sam_ChessMood won on time"]

1. e4 c5 2. Nf3 Nc6 3. d4 cxd4 4. Nxd4 Nf6 5. Nc3 e6 6. Ndb5 Bb4 7. a3 Bxc3+ 8. Nxc3 d5 9. exd5 exd5 10. Bd3 d4 11. Ne2 Bf5 12. O-O Bxd3 13. Qxd3 O-O 14. Bg5 h6 15.
Bxf6 Qxf6 16. Rfe1 Rad8 17. Ng3 Rd5 18. Re2 Re5 19. Rae1 Rfe8 20. h3 a6 21. b4 Rxe2 22. Rxe2 Rxe2 23. Qxe2 Qe5 24. Qg4 Qe1+ 25. Kh2 Qxf2 26.
Qc8+ Kh7 27. Qxb7 Qxc2 28. Qxf7 Qg6 29. Qd5 Qf6 30. Qe4+ Qg6 31. Qd5 Qf6 32. Qe4+ Kh8 33. Nf5 g6 34. Qe8+ Kh7 35. Qd7+ Kh8 36. Nxh6 Qf4+ 37.
Kh1 Ne5 0-1

[Event "*** Biggest EVER Titled Tuesday"]
[Site "Chess.com"]
[Date "2018.04.17"]
[Round "5"]
[White "carlesdc96"]
[Black "GadimbayliA"]
[Result "0-1"]
[WhiteElo "2461"]
[BlackElo "2425"]
[TimeControl "180+2"]
[EndTime "14:09:10 PDT"]
[Termination "GadimbayliA won by resignation"]

1. e4 e6 2. d4 d5 3. Nc3 Bb4 4. e5 c5 5. Bd2 Ne7 6. a3 Bxc3 7. Bxc3 Nbc6 8. Nf3 cxd4 9. Bxd4 Nxd4 10. Qxd4 Nc6 11.
Qg4 Kf8 12. Bd3 Qb6 13. b4 Qc7 14. Qg3 Nd4 15. Nxd4 Qc3+ 16. Ke2 Qxd4 17. f4 Bd7 18. Qe3 Qc3 19. Qd2 Qc6 20. b5 Qc5 21. Qb4 Rc8 22.
Rhb1 Ke7 23. a4 Rhd8 24. Qxc5+ Rxc5 25. b6 a5 26. Ke3 Rdc8 27. Rb2 Be8 28. Kd4 R8c6 29. Ra3 Rc8 30. g3 R5c6 31. h4 h5 32. c3 Rc5 33. Be2 g6 34. Bd3 Bd7 35. Rc2 R8c6 36.
Rb3 Rc4+ 37. Bxc4 Rxc4+ 38. Kd3 Bxa4 39. Rcb2 Bxb3 40. Rxb3 a4 41. Rb5 Kd7 42. Ra5 Kc6 43. Ra8 Kxb6 44. Rf8 Rc7 45. Ra8 Kb5 46. Kd4 b6 47.
Kd3 Rb7 48. Kd4 Rc7 49. Kd3 Re7 50. Kd4 Rd7 51. Kd3 Rc7 52. Kd4 Rc4+ 53. Kd3 a3 54. Rxa3 Ra4 55. Rb3+ Kc5 56. Rb2 Ra3 57. Rb4 b5 58.
Rd4 Ra4 0-1

[Event "*** Biggest EVER Titled Tuesday"]
[Site "Chess.com"]
[Date "2018.04.17"]
[Round "5"]
[White "nubair1198"]
[Black "Vamostodorecto"]
[Result "1-0"]
[WhiteElo "2535"]
[BlackElo "2369"]
[TimeControl "180+2"]
[EndTime "14:09:14 PDT"]
[Termination "nubair1198 won on time"]

1. d4 Nf6 2. c4 g6 3. Nc3 d5 4. Nf3 Bg7 5. h4 dxc4 6. e4 c5 7. d5 Bg4 8. Qa4+ Qd7 9. Qxd7+ Nbxd7 10. Nd2 Ne5 11. Nxc4 Nfd7 12. Be3 b6 13. Nd2 Nf6 14. Bb5+ Bd7 15. f4 Nfg4 16. Rh3 Nxe3 17. Rxe3 Ng4 18. Rd3 a6 19. Bxd7+ Kxd7 20. Nc4 Kc7 21. a4 Bf6 22. g3 Bd4 23. Ne2 b5 24. axb5 axb5 25. Rxa8 Rxa8 26. Na3 Bxb2 27. Nxb5+ Kb6 28. Rb3 Ra1+ 29. Kd2 Bg7 30. Nd6+ Kc7 31. Ne8+ Kd7 32. Nxg7 Ra2+ 33. Ke1 Ra1+ 34.
Kd2 Ra2+ 35. Kd1 Nf2+ 36. Ke1 Nxe4 37. Rb7+ Kd6 38. Nc1 Ra1 39. Kd1 Nxg3 40. Kc2 Kxd5 41. Rxe7 Ra4 42. Rxf7 Rc4+ 43. Kb2 1-0

[Event "*** Biggest EVER Titled Tuesday"]
[Site "Chess.com"]
[Date "2018.04.17"]
[Round "5"]
[White "Shtembuliak"]
[Black "Noukii"]
[Result "1-0"]
[WhiteElo "2644"]
[BlackElo "2629"]
[TimeControl "180+2"]
[EndTime "14:09:16 PDT"]
[Termination "Shtembuliak won by resignation"]

1. c4 e5 2. g3 Nf6 3. Bg2 h6 4. Nf3 Nc6 5. Nc3 Bc5 6. O-O d6 7. a3 a5 8. e3 O-O 9. Qc2 Re8 10. b3 e4 11. Ne1 Bf5 12. f3 exf3 13. Qxf5 fxg2 14.
Nxg2 Qc8 15. Bb2 Qxf5 16. Rxf5 Ne7 17. Rxf6 gxf6 18. Ne4 Red8 19. Bxf6 Kf8 20. Nf4 Rd7 21. Nh5 Ng8 22. Bg7+ Ke7 23. d4 Ba7 24. Rf1 c6 25. Nef6 Rdd8 26. Rf5 Ke6 27. Nf4+ Ke7 28. N4h5 Bb6 29.
Kg2 Ke6 30. g4 Ke7 31. a4 Rdc8 32. h3 Nxf6 33. Nxf6 Bd8 34. Bxh6 Ke6 35. Bg5 d5 36. Re5+ Kd6 37. c5+ Kc7 38. Ne8+ Kb8 39. Nd6 Bc7 40. Nxc8 Bxe5 41. Nb6 Bg7 42. Nxa8 Kxa8 43. h4 Kb8 44. h5 Kc8 45. h6 Bh8 46. Bf4 Kd7 47. g5 f6 48. g6 1-0

[Event "*** Biggest EVER Titled Tuesday"]
[Site "Chess.com"]
[Date "2018.04.17"]
[Round "5"]
[White "Buffy7"]
[Black "TregubovP"]
[Result "0-1"]
[WhiteElo "2724"]
[BlackElo "2574"]
[TimeControl "180+2"]
[EndTime "14:09:17 PDT"]
[Termination "TregubovP won on time"]

1. e4 c5 2. Nf3 e6 3. d4 cxd4 4.
Nxd4 Nc6 5. Nc3 Nf6 6. Ndb5 Bb4 7. a3 Bxc3+ 8. Nxc3 d5 9. Bd3 d4 10. Ne2 e5 11.
Ng3 Bg4 12. Qd2 h6 13. h3 Be6 14. Qe2 O-O 15. Nh5 Nxh5 16. Qxh5 f6 17. O-O Qe8 18.
Qe2 Rc8 19. Bd2 Qd7 20. Kh2 Ne7 21. Bb4 Rfd8 22. Bxe7 Qxe7 23. f4 Rc5 24. b4 Rc3 25. fxe5 Qc7 26. Kh1 Qxe5 27. Qf2 Bc4 28. Bxc4+ Rxc4 29. Rad1 Qxe4 30. Rfe1 Qxc2 31. Qg3 Kh7 32. Qf3 Rc7 33.
Rd3 Qc4 34. Qf5+ Kh8 35. Re6 Qd5 36. Qg4 Kh7 37. Rg3 Kh8 38. Re1 d3 39. Kh2 d2 40.
Rd1 Qe5 41. Qg6 Rdd7 42. Kh1 Rc1 0-1

[Event "*** Biggest EVER Titled Tuesday"]
[Site "Chess.com"]
[Date "2018.04.17"]
[Round "5"]
[White "GMMatamoros"]
[Black "GianmarcoVaR"]
[Result "1-0"]
[WhiteElo "2496"]
[BlackElo "2531"]
[TimeControl "180+2"]
[EndTime "14:09:18 PDT"]
[Termination "GMMatamoros won by resignation"]

1. Nf3 Nf6 2. c4 b6 3. g3 Bb7 4. Bg2 g6 5. b3 Bg7 6. Bb2 O-O 7.
O-O c5 8. d4 cxd4 9. Qxd4 d6 10. Nc3 Nbd7 11. Qd2 Rc8 12. Rac1 Re8 13. Rfd1 Qc7 14.
Ne1 Bxg2 15. Nxg2 Qb7 16. Nf4 Nc5 17. f3 a6 18. Ncd5 Nxd5 19. cxd5 Bxb2 20. Qxb2 Nd7 21.
Qd4 Rxc1 22. Rxc1 Rc8 23. Rc3 b5 24. Kg2 Ne5 25. h4 Rc7 26. e4 Qc8 27. Ne2 h5 28. Rxc7 Qxc7 29. Qc3 Qb6 30. Nd4 Kh7 31. Nc6 Qc7 32.
a4 bxa4 33. bxa4 Nd7 34. Qb4 Nc5 35. a5 e6 36. Qb6 Qc8 37. Qa7 Kg7 38. Qe7 Nb7 39. e5 exd5 40. Nd4 dxe5 41. Qxe5+ Kg8 42. Qxd5 Nc5 43. Nc6 Qf5 44. Ne7+ 1-0

[Event "*** Biggest EVER Titled Tuesday"]
[Site "Chess.com"]
[Date "2018.04.17"]
[Round "5"]
[White "Gajuchess"]
[Black "Ginger_GM"]
[Result "1-0"]
[WhiteElo "2593"]
[BlackElo "2448"]
[TimeControl "180+2"]
[EndTime "14:09:20 PDT"]
[Termination "Gajuchess won by resignation"]

1. Nf3 f5 2. g3 Nf6 3. Bg2 d6 4.
O-O e5 5. c4 Be7 6. Nc3 O-O 7.
d3 Qe8 8. e3 Qh5 9. Nd2 Qh6 10.
Nd5 Nxd5 11. cxd5 Nd7 12. Qc2 Bd8 13. f4 Nf6 14. Nf3 exf4 15. gxf4 Bd7 16. Nd4 Ng4 17. h3 Nf6 18. Bd2 Nh5 19. Qb3 Rb8 20. Rac1 Kh8 21. Rc2 Rg8 22. e4 Qg6 23. e5 dxe5 24. fxe5 Bg5 25. e6 Bxd2 26. Rxd2 Be8 27. Nxf5 Qg5 28. Rdf2 Bg6 29. Qc3 Rgf8 30. Nxg7 Kg8 31. Rxf8+ Rxf8 32. Rxf8+ Kxf8 33. Nxh5 Bxh5 34. Qxc7 Kg8 35. Kh2 Bg6 36. Qg3 Qf6 37. Qb8+ Kg7 38. Qxb7+ Kh6 39. Qb8 Bxd3 40.
Qg3 Bg6 41. h4 a5 42. Qg5+ Qxg5 43. hxg5+ Kxg5 44. d6 Kf6 45. e7 Be8 46. Bh3 h6 47.
Kg3 Ke5 48. d7 Bxd7 49. Bxd7 Kd6 50. e8=Q 1-0

[Event "*** Biggest EVER Titled Tuesday"]
[Site "Chess.com"]
[Date "2018.04.17"]
[Round "5"]
[White "MaxLeto"]
[Black "Abund"]
[Result "0-1"]
[WhiteElo "2336"]
[BlackElo "2464"]
[TimeControl "180+2"]
[EndTime "14:09:23 PDT"]
[Termination "Abund won by resignation"]

1. h4 e5 2. h5 d5 3. c3 c5 4. d4 cxd4 5. cxd4 e4 6. h6 Nxh6 7. Bxh6 gxh6 8. e3 Nc6 9. Nc3 Be6 10. Qb3 Qd7 11. Nh3 Bd6 12. g3 O-O 13. Nf4 Bxf4 14.
gxf4 Ne7 15. Rxh6 Rac8 16. O-O-O Nf5 17. Rh2 a6 18. Be2 Ne7 19. Rdh1 Bf5 20. Kb1 Rc6 21. Na4 Qc7 22. Nc5 Rb8 23. Rg2+ Rg6 24. Rxg6+ fxg6 25. Rc1 Qd6 26. Nxb7 Qf6 27. Rc7 h5 28. Qa3 Kf8 29. Na5 Rc8 30. Rxc8+ Bxc8 31. Qc5 Bf5 32. Nb3 h4 33.
Nd2 h3 34. Nf1 Qh4 35. Ng3 h2 36. Qc1 Bg4 37. Bxg4 Qxg4 38. Qh1 Nf5 39. Kc2 Nxg3 40. fxg3 Qxg3 41. Kb3 Qg1 0-1

[Event "*** Biggest EVER Titled Tuesday"]
[Site "Chess.com"]
[Date "2018.04.17"]
[Round "5"]
[White "Saitama_Hero"]
[Black "Raffael89"]
[Result "0-1"]
[WhiteElo "2145"]
[BlackElo "2141"]
[TimeControl "180+2"]
[EndTime "14:09:26 PDT"]
[Termination "Raffael89 won by resignation"]

1. d4 Nf6 2. c4 g6 3. Nc3 Bg7 4. e4 d6 5. f4 O-O 6. Nf3 Na6 7. Be2 e5 8. fxe5 dxe5 9. d5 Nc5 10. Bg5 h6 11.
Bxf6 Qxf6 12. b4 Nd7 13. O-O Qe7 14. c5 Nxc5 15. d6 Qxd6 16. Qxd6 cxd6 17. bxc5 dxc5 18. Bc4 Rb8 19. Nd5 Kh7 20. a4 f5 21. Nd2 Be6 22.
Rab1 b6 23. Rb3 Rbd8 24. Rd1 Rd6 25. Rd3 Rfd8 26. Nb1 Kh8 27. Nbc3 R6d7 28. h3 h5 29. Kf1 f4 30. Ke2 g5 31. Bb5 Rd6 32. Nxf4 Rxd3 33. Rxd3 Rxd3 34. Nxd3 Bc8 35. Nd5 a6 36. Bc4 b5 37.
axb5 axb5 38. Bxb5 Kh7 39. Nxc5 g4 40. Bd7 gxh3 41. Bxc8 h2 42. Bf5+ Kh8 43. Ne7 Bf6 44. Ng6+ Kg7 45. Ne6+ Kh6 46. g4 h1=Q 47. g5+ Bxg5 48.
Nxe5 Qh2+ 49. Kf3 Qxe5 0-1

[Event "*** Biggest EVER Titled Tuesday"]
[Site "Chess.com"]
[Date "2018.04.17"]
[Round "5"]
[White "Bauxi435"]
[Black "IMRosen"]
[Result "0-1"]
[WhiteElo "2428"]
[BlackElo "2399"]
[TimeControl "180+2"]
[EndTime "14:09:28 PDT"]
[Termination "IMRosen won by resignation"]

1. d4 Nf6 2. c4 e6 3. Nc3 Bb4 4. Bg5 Nc6 5. e3 h6 6. Bh4 d6 7.
Bd3 e5 8. Ne2 g5 9. Bg3 Qe7 10.
d5 Bxc3+ 11. Nxc3 Nb8 12. e4 Nbd7 13. h4 g4 14. b4 h5 15. O-O Nf8 16. f4 gxf3 17.
Qxf3 Ng4 18. Nb5 Ng6 19. Rac1 a6 20. Na3 Nxh4 21. Bxh4 Qxh4 22. Qh3 Qg5 23. Rce1 Rg8 24. Qf3 Rg7 25. Qg3 h4 26. Qf3 Qd2 27. c5 Qxb4 28.
Nc4 Qxc5+ 29. Kh1 Bd7 30. Rc1 Qd4 31. Nd2 Rc8 32. Nb3 Qe3 33. Qxe3 Nxe3 34. Rf6 Ng4 35.
Rf3 Ke7 36. Na5 b6 37. Nc6+ Bxc6 38. dxc6 a5 39. Bc4 Rcg8 40. Rcf1 Nh6 41. R1f2 Rf8 42. Rf6 Ng4 43. R6f3 Nxf2+ 44. Rxf2 f6 45. Bd5 Rg3 46. Kh2 Rh8 47. Rf5 Rg4 48. Kh3 Rg3+ 49. Kh2 Rg5 50. Rf3 Rh7 51. Rb3 Rhg7 52. Kh3 Rg3+ 53. Rxg3 Rxg3+ 54. Kh2 Kf8 0-1

[Event "*** Biggest EVER Titled Tuesday"]
[Site "Chess.com"]
[Date "2018.04.17"]
[Round "5"]
[White "chessking2151"]
[Black "WarlordX"]
[Result "0-1"]
[WhiteElo "2352"]
[BlackElo "2285"]
[TimeControl "180+2"]
[EndTime "14:09:28 PDT"]
[Termination "WarlordX won by resignation"]

1. e4 c5 2. Nf3 d6 3. d4 cxd4 4. Nxd4 Nf6 5. Nc3 a6 6. Be3 e5 7. Nb3 Be7 8. f3 Be6 9. Qd2 d5 10. exd5 Nxd5 11. Nxd5 Qxd5 12. Qxd5 Bxd5 13. O-O-O Be6 14.
Nc5 Bc8 15. Bc4 Nc6 16. Bd5 O-O 17. Bxc6 bxc6 18. c4 a5 19. b3 Bf5 20. Kb2 Rfb8 21.
g4 Bg6 22. Nd7 Re8 23. Nb6 Rad8 24. Na4 Bf6 25. g5 Be7 26. h4 Bh5 27. Rxd8 Rxd8 28. Rf1 Rd3 29. Bc5 Bd8 30. f4 e4 31. Re1 Bf3 32.
Re3 Rd2+ 33. Kc1 Rh2 34. Bd4 Be7 35. Bc5 Bd8 36. Bd4 Bc7 37. Be5 Bxe5 38. fxe5 Rxh4 39. Nc5 Rh2 40. a4 Rg2 41. b4 axb4 42. a5 Ra2 43. a6 h5 44. gxh6 gxh6 45. Kb1 Ra5 46. Kb2 Rxc5 47. Re1 Rxe5 48. a7 Re8 49. Kb3 c5 50.
Ka4 Ra8 0-1

[Event "*** Biggest EVER Titled Tuesday"]
[Site "Chess.com"]
[Date "2018.04.17"]
[Round "5"]
[White "fyall777"]
[Black "rekosheten"]
[Result "1-0"]
[WhiteElo "2369"]
[BlackElo "2324"]
[TimeControl "180+2"]
[EndTime "14:09:28 PDT"]
[Termination "fyall777 won by resignation"]

1. d4 Nf6 2. c3 Nc6 3. Bg5 e5 4.
d5 Ne7 5. Bxf6 gxf6 6. e4 f5 7. Qh5 d6 8. Nd2 fxe4 9. Nxe4 Nxd5 10. Bc4 c6 11. Nf3 Be7 12. O-O-O Be6 13. Nfg5 Qd7 14. Nxe6 Qxe6 15. Ng3 O-O-O 16. Nf5 Bf8 17. Rhe1 Rg8 18. Qh3 Kb8 19. g3 Rg5 20. Bd3 Ne7 21. g4 Nxf5 22. Bxf5 Qxa2 23. Qxh7 a5 24. h4 Rg7 25. Qh6 Rxg4 26. Qf6 Qa1+ 27. Kc2 Qa4+ 28. Kb1 Re8 29. Qxf7 Rd8 30. Bxg4 Qxg4 31. h5 Bh6 32. Qg6 Qf4 33. Rxd6 Rf8 34. Qxh6 Qxf2 35. Rxe5 Qf1+ 36. Qc1 Qc4 37.
Rde6 Rf1 38. Re1 Rf5 39. Re8+ Ka7 40. Qe3+ c5 41. Qg3 Qd3+ 42. Qxd3 1-0

[Event "*** Biggest EVER Titled Tuesday"]
[Site "Chess.com"]
[Date "2018.04.17"]
[Round "5"]
[White "Fablibi"]
[Black "jacky72"]
[Result "1-0"]
[WhiteElo "2533"]
[BlackElo "2629"]
[TimeControl "180+2"]
[EndTime "14:09:29 PDT"]
[Termination "Fablibi won by resignation"]

1. e4 e5 2. Nf3 Nc6 3. Bb5 d6 4. c3 Bd7 5. d4 g6 6. Bg5 f6 7.
Be3 Nh6 8. O-O Bg7 9. a4 Qe7 10. Re1 Ng4 11. Bc1 O-O 12. a5 a6 13. Bf1 f5 14.
Qb3+ Kh8 15. Bg5 Nf6 16. dxe5 dxe5 17. exf5 gxf5 18. Qxb7 Rfb8 19. Qxc7 Ra7 20. Qxa7 Nxa7 21. Nxe5 Be6 22. Na3 Qc5 23. Nec4 Bxc4 24. Nxc4 Ne4 25. Be3 Qc7 26. Nb6 f4 27. Bd4 Bxd4 28. cxd4 Nd6 29. Bxa6 Ndb5 30. d5 f3 31. g3 Qf7 32. Re3 Qf5 33. h3 Qxh3 34. Rxf3 Nd4 35. Re3 Rg8 36. Bf1 Qg4 37. Bg2 Nc2 38. Re4 Qf5 39. Rc1 Na1 40.
Rxa1 Rf8 41. Rf4 1-0

[Event "*** Biggest EVER Titled Tuesday"]
[Site "Chess.com"]
[Date "2018.04.17"]
[Round "5"]
[White "Firouzja2003"]
[Black "catalin009"]
[Result "1-0"]
[WhiteElo "2714"]
[BlackElo "2414"]
[TimeControl "180+2"]
[EndTime "14:09:32 PDT"]
[Termination "Firouzja2003 won by resignation"]

1. e4 c5 2. Nf3 Nc6 3. d4 cxd4 4. Nxd4 g6 5. c4 Nf6 6. Nc3 Bg7 7. Nc2 O-O 8. Be2 d6 9. O-O Nd7 10. Bd2 Nc5 11. b4 Ne6 12. Rc1 Ned4 13. Nxd4 Nxd4 14. Be3 Nc6 15. b5 Ne5 16. Nd5 b6 17. f4 Nd7 18.
Bf3 Bb7 19. Kh1 Nc5 20. Bxc5 bxc5 21. Qd2 Bd4 22. f5 e6 23. Nf4 Qg5 24. Rcd1 exf5 25. exf5 Bxf3 26. Rxf3 Qxf5 27. Nd5 Qe5 28. Nf6+ Kh8 29.
Qh6 Qxf6 30. Rxf6 Bxf6 31. Rxd6 Rad8 32. g3 Bg7 33. Qf4 Rde8 34. Qf3 f5 35. Kg2 Re4 36. Qd3 Bd4 37. Kh3 Rfe8 38. Rd7 f4 39. Rd8 fxg3 40.
Qxe4 Rxd8 41. hxg3 Kg7 42. Qe7+ 1-0

[Event "*** Biggest EVER Titled Tuesday"]
[Site "Chess.com"]
[Date "2018.04.17"]
[Round "5"]
[White "Arm-Akiba"]
[Black "Dr-Bassem"]
[Result "1-0"]
[WhiteElo "2675"]
[BlackElo "2706"]
[TimeControl "180+2"]
[EndTime "14:09:39 PDT"]
[Termination "Arm-Akiba won on time"]

1. d4 e6 2. Nf3 f5 3. g3 Nf6 4. Bg2 Be7 5. O-O O-O 6. c4 d6 7. Nc3 Qe8 8. b3 Qg6 9. Ba3 a5 10. Rc1 Na6 11. d5 Ne4 12. dxe6 Bxe6 13. Nd4 c6 14. Nxe4 fxe4 15. Nxe6 Qxe6 16. Qd4 Nb4 17. Bxb4 axb4 18. Bxe4 Rxa2 19. Qd3 g6 20. Bf3 Bf6 21. Kg2 Bc3 22. Rfd1 Rf6 23. h4 Kg7 24. Rc2 Ra5 25.
Rxc3 bxc3 26. Qxc3 Qe5 27. Qb4 Ra7 28. Qb6 Qa5 29.
Qe3 b5 30. Bxc6 bxc4 31. bxc4 Raf7 32. Bf3 Qc5 33. Rd4 h6 34. Qd3 Qe5 35. Rd5 Qe6 36.
Qd4 Kh7 37. h5 g5 38. g4 Kg7 39. Rf5 Qe7 40. Bd5 Rf8 41. e4 Kh7 42. Qc3 Rxf5 43.
gxf5 g4 44. Qg3 1-0

[Event "*** Biggest EVER Titled Tuesday"]
[Site "Chess.com"]
[Date "2018.04.17"]
[Round "5"]
[White "bascheyaro"]
[Black "Blitzstream"]
[Result "0-1"]
[WhiteElo "2671"]
[BlackElo "2473"]
[TimeControl "180+2"]
[EndTime "14:09:42 PDT"]
[Termination "Blitzstream won by resignation"]

1. d4 Nf6 2. Nf3 b5 3. Bg5 Ne4 4. Bh4 a6 5. Nbd2 Bb7 6. e3 g6 7. c4 bxc4 8. Bxc4 Nxd2 9. Qxd2 Bg7 10. Qb4 Bxf3 11. gxf3 Nc6 12. Qc5 Rb8 13. b3 O-O 14. f4 Rb6 15. f5 d6 16. Qa3 Qc8 17. fxg6 hxg6 18. Qc1 Qg4 19. Bg3 e5 20. d5 Ne7 21.
Qd1 Qe4 22. Ke2 Qg4+ 23. f3 Qd7 24. Qc2 c6 25. Rad1 cxd5 26. Bxd5 Rc8 27. Qe4 Nxd5 28. Rxd5 Rbc6 29. Rhd1 Rc2+ 30. R1d2 Rxd2+ 31. Rxd2 Qb5+ 32. Qd3 Qxd3+ 33. Kxd3 Kf8 34. f4 Ke7 35. fxe5 dxe5 36. e4 f5 37. Bh4+ Ke6 38. Rg2 Kf7 39. Be1 Rc6 40.
Bb4 Bf6 41. h3 Be7 42. Bxe7 Kxe7 43. exf5 gxf5 44. Rg7+ Kf6 45. Rg8 e4+ 46. Kd2 Ke5 47.
Rg1 Kd4 48. h4 f4 49. h5 e3+ 50. Ke2 Rc2+ 51. Kf3 Rf2+ 52. Kg4 e2 53. Re1 Ke3 54. h6 Rh2 55. Kg5 f3 56. Rc1 f2 0-1

[Event "*** Biggest EVER Titled Tuesday"]
[Site "Chess.com"]
[Date "2018.04.17"]
[Round "5"]
[White "DanielNaroditsky"]
[Black "jlandaw"]
[Result "0-1"]
[WhiteElo "2800"]
[BlackElo "2450"]
[TimeControl "180+2"]
[EndTime "14:09:42 PDT"]
[Termination "jlandaw won by checkmate"]

1. e4 e5 2. Nf3 Nc6 3. Bb5 a6 4. Ba4 Nf6 5. O-O Be7 6. d3 b5 7. Bb3 d6 8. c3 O-O 9. Nbd2 Na5 10.
Bc2 c5 11. Re1 Qc7 12. Nf1 Re8 13. Ng3 h6 14. h3 Nc6 15. Nh2 d5 16. Qf3 d4 17.
Nf5 Bxf5 18. exf5 e4 19. dxe4 Bd6 20. g3 Ne5 21. Qg2 d3 22. Bd1 Nc4 23. f4 Rad8 24. e5 Bf8 25. Nf3 Nd5 26. Bb3 Na5 27. Bxd5 Rxd5 28.
b3 c4 29. b4 Nc6 30. Bd2 Rdd8 31. g4 a5 32. a3 axb4 33. axb4 Nxb4 34. cxb4 c3 35.
Rac1 Bxb4 36. Rf1 Qb6+ 37. Kh1 cxd2 38. Nxd2 Qe3 39. Ne4 Rd4 40. Ng3 d2 41. Rcd1 Rc8 42. e6 fxe6 43. fxe6 Qxe6 44. Nf5 Rd7 45. Ng3 Rc4 46. Kh2 Qc6 47. Qe2 Rd8 48. Nf5 Qc7 49. Qe6+ Kh8 50. Nxh6 Rxf4 51. Kg2 Rxf1 52. Rxf1 gxh6 53.
Qxh6+ Kg8 54. Qg5+ Kh8 55. Qh6+ Kg8 56. Rf6 Qb7+ 57.
Kg3 Bd6+ 58. Kh4 Qg7 59. Rg6 Be7+ 60. g5 Bf8 61. Rxg7+ Bxg7 62. Qe6+ Kh8 63. Qe7 d1=Q 64. Qf7 Qd4+ 65. Kh5 Qd5 66. Qf4 Qc4 67. Qf5 b4 68. Qa5 Qe2+ 69. Kg6 Qe4+ 70. Kh5 Qf3+ 71. Kg6 Rd6# 0-1

[Event "*** Biggest EVER Titled Tuesday"]
[Site "Chess.com"]
[Date "2018.04.17"]
[Round "5"]
[White "RojonR"]
[Black "MFBerna"]
[Result "1-0"]
[WhiteElo "2395"]
[BlackElo "2324"]
[TimeControl "180+2"]
[EndTime "14:09:43 PDT"]
[Termination "RojonR won on time"]

1. e4 c6 2. Nc3 d5 3. Qe2 d4 4. Nd1 e5 5. g3 g5 6. d3 Be7 7. f4 gxf4 8. gxf4 Bh4+ 9. Nf2 Qf6 10. f5 Ne7 11. Nf3 c5 12. Rg1 h6 13. Nxh4 Qxh4 14. Qg4 Qxg4 15. Nxg4 Ng8 16. Nxe5 Nd7 17. Nxd7 Bxd7 18. Bf4 Nf6 19. Be2 Ke7 20. Kd2 Bc6 21. Bg3 Nd7 22. Bh4+ Kd6 23. Rg7 Raf8 24. Bh5 Ne5 25.
Rag1 f6 26. Bg3 c4 27. Bf4 cxd3 28. cxd3 a6 29. b4 a5 30. Bxe5+ Kxe5 31. Re7+ Kd6 32. Re6+ Kc7 33. Rg7+ Kb6 34. bxa5+ Kxa5 35. Rf7 Rfg8 36. Rfxf6 Rg2+ 37. Be2 Rxh2 38. Re5+ Kb4 39. Re7 Ra8 40. Ke1 Rxa2 41. Bd1 1-0

[Event "*** Biggest EVER Titled Tuesday"]
[Site "Chess.com"]
[Date "2018.04.17"]
[Round "5"]
[White "JustKid"]
[Black "ehrenfeld"]
[Result "1-0"]
[WhiteElo "2477"]
[BlackElo "2480"]
[TimeControl "180+2"]
[EndTime "14:09:52 PDT"]
[Termination "JustKid won on time"]

1. d4 Nf6 2. Bf4 d6 3. Nf3 Nbd7 4. e3 g6 5. c3 Bg7 6. h3 O-O 7. Bh2 c5 8. Nbd2 b6 9. Bd3 Bb7 10. O-O Re8 11. e4 cxd4 12. cxd4 Nf8 13. Qe2 a6 14. Rfc1 Qd7 15. Nc4 Qd8 16. a4 d5 17. exd5 Nxd5 18. Nce5 f6 19. Nc4 Qd7 20. Be4 Rad8 21. Ne3 Nxe3 22. Rc7 Bxe4 23. Rxd7 Rxd7 24. Qxe3 Bd5 25. Rc1 Red8 26. Bc7 Re8 27. Bxb6 Rb8 28. a5 Re8 29. b4 Kf7 30. Ne1 Ne6 31. Nd3 Rd6 32. Nc5 f5 33. Nxa6 f4 34. Qd2 f3 35. gxf3 Rxb6 36.
axb6 Nxd4 37. Qf4+ Bf6 38. Kf1 Be6 39. Nc5 Bxh3+ 40.
Ke1 Rd8 41. Ne4 Bf5 42. Nxf6 exf6 43. Qc7+ Rd7 44. Qxd7+ Bxd7 45. b7 Nxf3+ 46. Kf1 Bh3+ 47. Ke2 Nd4+ 48. Ke3 Nf5+ 49. Kf4 g5+ 50. Kf3 1-0

[Event "*** Biggest EVER Titled Tuesday"]
[Site "Chess.com"]
[Date "2018.04.17"]
[Round "5"]
[White "Princec7"]
[Black "BIG_Pirate"]
[Result "1-0"]
[WhiteElo "2397"]
[BlackElo "2270"]
[TimeControl "180+2"]
[EndTime "14:09:52 PDT"]
[Termination "Princec7 won by resignation"]

1. e4 d5 2. exd5 Qxd5 3. Nc3 Qa5 4. d4 Nf6 5. Nf3 Bg4 6. Bc4 Nc6 7. h3 Qh5 8. Be2 O-O-O 9. Be3 e5 10. d5 e4 11.
Ng5 Bxe2 12. Qxe2 Qxe2+ 13. Kxe2 Ne5 14. Bd4 h6 15. Bxe5 hxg5 16. Rad1 Be7 17. Bxf6 Bxf6 18. Nxe4 Bxb2 19. Nxg5 Rh5 20. h4 Rd7 21. g4 Rh8 22. Kf3 Bf6 23. Ne4 Be5 24. c4 Re8 25. h5 Rde7 26. Ng3 Bxg3 27. Kxg3 f6 28. Rd2 Re4 29. Rc2 b6 30. f3 Rd4 31. h6 gxh6 32. Rxh6 Rf8 33. c5 Rxd5 34. cxb6 axb6 35. Rc6 Rc5 36. Rhxf6 Rd8 37. Rxc5 bxc5 38. Rf5 c4 39. Rc5 Rd4 40. Kf2 Kb7 41. Ke3 Rd3+ 42. Ke4 Rc3 43. f4 Kb6 44. Rh5 Rc2 45. g5 Rxa2 46. g6 Rg2 47. Rg5 Re2+ 48. Kd4 c5+ 49. Kxc4 Re4+ 50. Kd3 1-0

[Event "*** Biggest EVER Titled Tuesday"]
[Site "Chess.com"]
[Date "2018.04.17"]
[Round "5"]
[White "pulvettd"]
[Black "GMAkobianSTL"]
[Result "1-0"]
[WhiteElo "2535"]
[BlackElo "2634"]
[TimeControl "180+2"]
[EndTime "14:09:54 PDT"]
[Termination "pulvettd won by resignation"]

1. d4 d5 2. c4 e6 3. Nc3 c5 4. cxd5 exd5 5. Nf3 Nc6 6. g3 Nf6 7. Bg2 Be7 8. O-O O-O 9. dxc5 Bxc5 10. Bg5 d4 11.
Bxf6 Qxf6 12. Ne4 Qe7 13. Nxc5 Qxc5 14. Ne1 Re8 15. Nd3 Qb6 16. Qd2 Bf5 17. Rac1 Be4 18. Bh3 Rad8 19. Nc5 Bd5 20. a3 Re7 21. Rfe1 h6 22.
Bf5 a5 23. Bd3 Ne5 24. b4 axb4 25. axb4 Rde8 26. Be4 Bxe4 27. Nxe4 Nc6 28. Nd6 Rd8 29. Nf5 Re5 30. Qf4 Qb5 31. Rc5 Rxc5 32. bxc5 Qxc5 33. Rb1 Rd7 34. Qg4 Qe5 35. Nxh6+ Kh7 36. Qxd7 Kxh6 37. Qxf7 Qxe2 38. Rxb7 Qe1+ 39. Kg2 Qe4+ 40.
Qf3 Qxf3+ 41. Kxf3 Ne5+ 42. Ke4 Ng4 43. f3 Nxh2 44.
Rb2 Nf1 45. Kf4 d3 46. Rf2 g5+ 47. Ke4 Nxg3+ 48. Kxd3 Kg6 49. Rg2 Nf5 50. f4 Kf6 51. Rxg5 Ng7 52. Ke4 Ne6 53. Ra5 Ng7 54. Ra6+ Kf7 55.
Ra7+ Kf6 56. Rxg7 Kxg7 57. Ke5 Kg6 58. Ke6 Kg7 59. f5 Kf8 60. Kf6 Ke8 61. Kg7 1-0

[Event "*** Biggest EVER Titled Tuesday"]
[Site "Chess.com"]
[Date "2018.04.17"]
[Round "5"]
[White "Paralinch"]
[Black "Imre91"]
[Result "0-1"]
[WhiteElo "2803"]
[BlackElo "2703"]
[TimeControl "180+2"]
[EndTime "14:09:57 PDT"]
[Termination "Imre91 won by resignation"]

1. e4 e6 2. d4 d5 3. exd5 exd5 4. Nf3 Nf6 5. Bd3 Bd6 6. Qe2+ Be6 7. Ng5 Qe7 8. Nxe6 Qxe6 9. Qxe6+ fxe6 10. O-O Nc6 11. c3 e5 12. dxe5 Nxe5 13. Bc2 O-O 14. Nd2 Rae8 15. g3 c6 16. Kg2 Nfg4 17. Bd1 Bc5 18.
Nb3 Bxf2 19. Bf4 Be3 20. h3 Bxf4 21. hxg4 Be3 22. Be2 g6 23. Na5 Re7 24. Rxf8+ Kxf8 25. Rf1+ Kg7 26. Nb3 Bb6 27. Nd2 Nf7 28. Bd1 Re3 29. Rf3 Re8 30. Rf1 Re3 31. Rf3 Re7 32. Rf1 Nd6 33. Bf3 a6 34. Rd1 Re3 35. Nf1 Re8 36. Nd2 Ba7 37. a4 Be3 38. Nf1 Bg5 39. b3 Re6 40. a5 Bd8 41. b4 Bf6 42. Rd3 Nb5 43. Nd2 Bxc3 44. Nb3 Bxb4 45. g5 Re5 46. Bg4 Rxg5 47.
Bc8 Nd6 48. Bh3 c5 49. Re3 Ne4 50. Bc8 c4 51. Na1 Bc5 52. Rf3 Nd6 53. Be6 Re5 54.
Bg4 h5 55. Bd7 Re7 56. Ba4 Re2+ 57. Kf1 Ra2 58. Nc2 Rxa4 59. Ke2 Ra2 60. Kd1 d4 0-1